 Dungeon Crawl Stone Soup version 0.18-a0-596-g6468885 (webtiles) character file.

250 Korkiloff the Ducker (level 6, -3/37 HPs)
             Began as a Gargoyle Gladiator on Dec 3, 2015.
             Killed from afar by an orc wizard (6 damage)
             ... with a puff of frost
             ... on level 2 of the Dungeon.
             The game lasted 00:15:37 (2221 turns).

Korkiloff the Ducker (Gargoyle Gladiator)           Turns: 2221, Time: 00:15:37

Health: -3/37      AC:  9    Str: 21      XL:     6   Next: 13%
Magic:  6/6        EV: 12    Int:  8      God:
Gold:   92         SH:  0    Dex:  8 (10) Spells: 0 memorised, 5 levels left

rFire  . . .     SeeInvis .     o - +1 spear (pierce)
rCold  . . .     Clarity  .     j - +0 leather armour
rNeg   + . .     SustAt   .     (no shield)
rPois  ∞         Gourm    .     c - +0 helmet
rElec  +         Spirit   .     (no cloak)
rCorr  .         Dismiss  .     q - +0 pair of gloves (curse)
rMut   .         Stasis   .     (no boots)
MR     .....                    (no amulet)
Stlth  +.........               (no ring)
                                g - ring of wizardry

@: not resistant to hostile enchantments, very unstealthy
A: negative energy resistance 1, electricity resistance, unbreathing,
petrification resistance, rot immunity, AC +4
a: no special abilities


You were on level 2 of the Dungeon.
You were not hungry.

You visited 1 branch of the dungeon, and saw 3 of its levels.

You collected 92 gold pieces.

Inventory:

Hand Weapons
 a - a +0 flail
 l - a +0 dagger of electrocution
 o - a +1 spear of piercing (weapon)
 u - a cursed -1 whip
Missiles
 d - 3 throwing nets
 r - 3 javelins (quivered)
 v - 2 tomahawks
Armour
 b - a +0 leather armour
 c - a +0 helmet (worn)
 j - a +0 leather armour (worn)
 q - a cursed +0 pair of gloves (worn)
 s - a +0 ring mail
 t - a +0 ring mail
 x - a +0 chain mail
 A - a +0 leather armour
Jewellery
 g - a ring of wizardry (left hand)
 z - an uncursed ring of protection from cold {unknown}
Scrolls
 f - 7 scrolls of identify
 h - 3 scrolls of remove curse {unknown}
 m - a scroll of enchant weapon
 y - a scroll of recharging {unknown}
Potions
 p - a potion of degeneration
Comestibles
 e - 2 bread rations
 i - a royal jelly
 k - 2 slices of pizza
 n - 4 fruits
 w - a chunk of flesh
 B - a meat ration


   Skills:
 + Level 3.1 Fighting
 + Level 3.3 Maces & Flails
 + Level 1.4 Polearms
 + Level 2.4 Throwing
 + Level 2.1 Armour
 + Level 4.0 Dodging


You had 5 spell levels left.
You didn't know any spells.

Dungeon Overview and Level Annotations

Branches:
Dungeon (3/15)

Altars:


Innate Abilities, Weirdness & Mutations

You are resistant to torment.
Your stone body is resilient (AC +4).
You are immune to poison.
You resist negative energy.
You are resistant to electric shocks.
You can survive without breathing.
You are immune to petrification.
You are immune to rotting.


Message History

* * * LOW HITPOINT WARNING * * *
The orc wizard mumbles some strange words.
The orc wizard seems to speed up.
The orc wizard casts a spell at you. The magic dart hits you!
* * * LOW HITPOINT WARNING * * *
The orc wizard miscasts a cantrip.
Read which item? (? for menu, Esc to quit)
As you read the scroll labeled YMULED TEELAYD, it crumbles to dust.
It is a scroll of identify.
Identify which item? (\ to view known items) (? for menu, Esc to quit)
m - a scroll of enchant weapon The orc wizard casts a cantrip, but nothing happens.
The orc hits you but does no damage.
The orc wizard hits you but does no damage.
The orc wizard hits you but does no damage.
The orc wizard hits you but does no damage.
The orc wizard casts a spell at you. The puff of frost hits you!
You die...

#.......................
#.........###.........##
####..................#
#####.........#####...##
#.............#...#...#
#......####...#...#...#
#....oo####...#...#...###
#........##..........#...
#.......@####........#...
#........# #........#...
######...# #........#...
##...####........#...
#................#...
#................#...
#.........#####......
#.........# #......
#.........# #......


You could see an orc wizard and an orc.

Vanquished Creatures
  Purgy (D:3)
  An orc wizard (D:2)
  2 adders (D:2)
  4 gnolls (D:2)
  An ooze (D:2)
  4 worms (D:2)
  6 giant geckos
  An orc (D:3)
  3 giant cockroaches
  6 hobgoblins
  6 kobolds
  A bat (D:1)
  5 giant newts
  6 goblins
  6 jackals (D:1)
  2 rats
  A bush (D:3)
56 creatures vanquished.

Vanquished Creatures (others)
  A plant (D:2)
1 creature vanquished.

Grand Total: 57 creatures vanquished

Notes
Turn   | Place    | Note
--------------------------------------------------------------
     0 | D:1      | Korkiloff the Gargoyle Gladiator began the quest for the Orb.
     0 | D:1      | Reached XP level 1. HP: 12/12 MP: 1/1
   432 | D:1      | You fall through a shaft!
   437 | D:2      | Reached XP level 2. HP: 17/17 MP: 2/2
   693 | D:1      | Reached XP level 3. HP: 13/22 MP: 3/3
  1261 | D:2      | Reached XP level 4. HP: 27/27 MP: 4/4
  1300 | D:2      | Reached skill level 1 in Armour
  1571 | D:2      | Reached XP level 5. HP: 32/32 MP: 5/5
  1825 | D:3      | Noticed Purgy
  1884 | D:3      | Killed Purgy
  1884 | D:3      | Reached skill level 1 in Polearms
  2192 | D:2      | Reached skill level 4 in Dodging
  2192 | D:2      | Reached XP level 6. HP: 13/37 MP: 6/6
  2221 | D:2      | Killed from afar by an orc wizard

Vault maps used:
D:1:      minmay_arrival_radiant_lines
D:2:      serial_bayou_lagoon_a
D:3:      nicolae_overflow_hidden_temple, nicolae_ru_awakened_eye, first_bread,
          serial_forest, infiniplex_forest_lined_corner,
          infiniplex_forest_clump_curved, infiniplex_forest_clump_diagonal,
          infiniplex_forest_clump_curved, infiniplex_forest_end_1,
          infiniplex_forest_end_1, infiniplex_forest_clump_tiny,
          infiniplex_forest_clump_double, infiniplex_forest_clump_small,
          uniq_purgy

Action                   |  1- 3 |  4- 6 || total
-------------------------+-------+-------++-------
Melee: Flail             |    26 |       ||    26
       Dagger            |     8 |       ||     8
       Spear             |   111 |   288 ||   399
Throw: Throwing net      |     1 |     3 ||     4
       Javelin           |     7 |    11 ||    18
  Use: Potion            |     1 |     5 ||     6
       Scroll            |       |     1 ||     1
  Eat: Chunk             |     1 |     4 ||     5
